 Dungeon Crawl Stone Soup version 0.18.1-1-g2f07953 (console) character file.

67 Dingbat the Sneak (level 3, -5/17 HPs)
             Began as a Felid Monk on May 7, 2016.
             Shot with an arrow by a centaur (15 damage)
             ... on level 2 of the Dungeon.
             The game lasted 00:03:48 (2416 turns).

Dingbat the Sneak (Felid Monk)                      Turns: 2416, Time: 00:03:50

Health: -5/17      AC:  1    Str:  8    XL:     3   Next: 98%
Magic:  4/4        EV: 19    Int: 11    God:
Gold:   71         SH:  0    Dex: 18    Spells: 0 memorised, 2 levels left
                                        Lives:  0   Deaths: 1

rFire  + . .     SeeInvis +       - Unarmed
rCold  . . .     Gourm    .     (armour unavailable)
rNeg   . . .     Faith    .     (shield unavailable)
rPois  .         Spirit   .     (helmet unavailable)
rElec  .         Dismiss  .     (cloak unavailable)
rCorr  .         Reflect  .     (gloves unavailable)
SustAt .         Harm     .     (boots unavailable)
MR     .....                    (no amulet)
Stlth  ++++......               (no ring)
                                i - ring of protection from fire

@: quick, not resistant to hostile enchantments, stealthy
A: no armour, no weapons or thrown items, claws 1, fangs 3, see invisible,
carnivore 3, speed 1, shaggy fur 1, slow metabolism 1, sharp paws
a: no special abilities


You were on level 2 of the Dungeon.
You were not hungry.

You visited 1 branch of the dungeon, and saw 3 of its levels.

You collected 71 gold pieces.

Inventory:

Missiles
 g - 118 stones
Jewellery
 i - a ring of protection from fire (left paw)
Scrolls
 d - a scroll of amnesia {unknown}
 e - 2 scrolls of teleportation {unknown}
 f - a scroll of magic mapping {unknown}
 h - a scroll of enchant armour {unknown}
 j - a scroll of noise {unknown}
Potions
 b - 2 potions of agility
Comestibles
 a - a meat ration
 m - a slice of pizza


   Skills:
 - Level 3.0 Fighting
 - Level 4.0 Dodging
 + Level 5.3 Stealth
 + Level 5.2 Unarmed Combat


You had 2 spell levels left.
You didn't know any spells.

Dungeon Overview and Level Annotations

Branches:
Dungeon (3/15)

Altars:

Annotations:
D:2 Natasha


Innate Abilities, Weirdness & Mutations

You cannot wear armour.
You are incapable of wielding weapons or throwing items.
You have sharp claws.
You have razor-sharp teeth.
You have supernaturally acute eyesight.
You are carnivorous and can eat meat at any time.
You cover ground quickly.
You are covered in fur (AC +1).
You have a slow metabolism.
Your sharp claws are effective at attacking unaware monsters.


Message History

You claw the giant gecko!
You kill the giant gecko!
You feel sick.
There is a stone staircase leading up here.
No target in view!
No target in view!
You start resting.
You feel sick.
You are no longer poisoned.
You start resting.
You climb upwards.
There is a stone staircase leading down here.
You start resting.
Natasha, Servant of Life and Death comes into view.
A giant gecko comes into view.
You start resting.
The centaur shouts!
The centaur wields a shortbow.
The centaur shoots an arrow.
The arrow hits you!
Ouch! That really hurt!
You die...

.. #...............# #.#
#...h.........# ..
##..).l#.....## #.########
#...#..######
#........#####.####.#########
#........<.[.รท.# #..#.......
#........<###### ##.........
#.........############...)...
#...........@....c.....>.....
#........#######.#####.......
#........# ### ########
...######## ...


You could see a centaur.

Vanquished Creatures
  Natasha (D:2)
  5 adders
  2 worms
  2 dart slugs
  2 giant geckos
  2 giant cockroaches
  A goblin (D:1)
  4 hobgoblins
  3 quokkas
  5 bats
  6 giant newts
  5 kobolds
  4 rats
42 creatures vanquished.

Notes
Turn   | Place    | Note
--------------------------------------------------------------
     0 | D:1      | Dingbat the Felid Monk began the quest for the Orb.
     0 | D:1      | Reached XP level 1. HP: 10/10 MP: 2/2
   448 | D:2      | Reached XP level 2. HP: 13/14 MP: 3/3
   653 | D:2      | Noticed Natasha
   670 | D:2      | Killed Natasha
   670 | D:2      | Reached XP level 3. HP: 16/17 MP: 4/4
  1523 | D:1      | Reached XP level 4. HP: 21/21 MP: 5/5
  1574 | D:1      | Reached skill level 5 in Unarmed Combat
  2291 | D:3      | Reached skill level 5 in Stealth
  2297 | D:3      | HP: 1/21 [poisoned by an adder]
  2300 | D:3      | Succumbed to an adder's poison
  2301 | D:3      | Reached XP level 3. HP: 0/17 MP: 4/4
  2403 | D:2      | Noticed Natasha
  2410 | D:2      | Noticed a centaur
  2416 | D:2      | Shot with an arrow by a centaur

Skill      XL: |  1  2  3  4 |
---------------+-------------+-----
Stealth        | 3 4 5 |  5.3
Unarmed Combat | 5 |  5.2
Fighting       | |  3.0
Dodging        | |  4.0

Action                   |  1- 3 |  4- 6 || total
-------------------------+-------+-------++-------
Melee: Unarmed           |    64 |    43 ||   107
       Bite              |     6 |     2 ||     8
       Punch             |     1 |       ||     1
  Use: Potion            |       |     4 ||     4
 Stab: Sleeping          |     7 |     1 ||     8
       Distracted        |     1 |       ||     1
  Eat: Chunk             |     4 |       ||     4
Armor: Skin              |     2 |     2 ||     4
Dodge: Dodged            |    39 |    46 ||    85
